 Dungeon Crawl Stone Soup version 0.27.1-3-gb3d3a73c9e (webtiles) character file.

Game seed: 14433050258802618649

1 DearestLeader the Covered (level 1, -1/13 HPs)
             Began as a Gnoll Wanderer on Oct 14, 2021.
             Slain by a quokka (3 damage)
             ... on level 1 of the Dungeon.
             The game lasted 00:00:39 (125 turns).

DearestLeader the Covered (Gnoll Wanderer)           Turns: 125, Time: 00:00:39

Health: -1/13      AC:  2    Str:  9    XL:     1   Next: 20%
Magic:  4/4        EV: 11    Int: 10    God:
Gold:   8          SH:  0    Dex: 14    Spells: 5/5 levels left

rFire    . . .     SeeInvis .   g - +0 dagger
rCold    . . .     Faith    .   (no shield)
rNeg     + . .     Spirit   .   e - +0 robe
rPois    .         Reflect  .   (no helmet)
rElec    .         Harm     .   (no cloak)
rCorr    .         Rampage  .   (no gloves)
Will     .....                  (no boots)
Stlth    ++........             f - amulet of the acrobat
HPRegen  0.04/turn              h - ring of positive energy
MPRegen  0.09/turn              (no ring)

@: no status effects
A: fangs 1, strong nose, distributed training
a: no special abilities


You were on level 1 of the Dungeon.
You visited 1 branch of the dungeon, and saw 1 of its levels.

You collected 8 gold pieces.

Inventory:

Hand Weapons
 a - a +0 hand crossbow
 g - a +0 dagger (weapon)
Missiles
 c - 24 bolts
Armour
 e - a +0 robe (worn)
Jewellery
 f - an amulet of the acrobat (around neck)
 h - a ring of positive energy (left hand)
Wands
 b - a wand of flame (15) (quivered)
Potions
 d - a potion of lignification


   Skills:
 + Level 0.0 Fighting
 + Level 0.0 Short Blades
 + Level 0.0 Long Blades
 + Level 0.0 Axes
 + Level 0.0 Maces & Flails
 + Level 0.0 Polearms
 + Level 0.0 Staves
 + Level 0.0 Slings
 + Level 0.0 Bows
 + Level 0.0 Crossbows
 + Level 0.0 Throwing
 + Level 6.4 Armour
 + Level 0.0 Dodging
 + Level 2.1 Stealth
 + Level 0.0 Shields
 + Level 0.0 Unarmed Combat
 + Level 2.6 Spellcasting
 + Level 0.0 Conjurations
 + Level 0.0 Hexes
 + Level 1.9 Summonings
 + Level 0.0 Necromancy
 + Level 0.0 Translocations
 + Level 0.0 Transmutations
 + Level 0.0 Fire Magic
 + Level 0.0 Ice Magic
 + Level 0.0 Air Magic
 + Level 5.3 Earth Magic
 + Level 0.0 Poison Magic
 + Level 0.0 Invocations
 + Level 2.3 Evocations


You had 5 spell levels left.
You didn't know any spells.
Your spell library was empty.

Dungeon Overview and Level Annotations

Branches:
Dungeon (1/15)

Altars:


Innate Abilities, Weirdness & Mutations

You have very sharp teeth.
Your uncanny sense of smell can sniff out nearby items.
Your experience applies equally to all skills.


Message History

Found a blackened steel amulet.
The bat completely misses you. The bat closely misses you. The bat misses you.
The bat barely misses you.
You hit the bat but do no damage. The bat closely misses you.
The bat hits you but does no damage.
You closely miss the bat. The bat hits you. The bat misses you.
The bat completely misses you. The bat completely misses you.
You hit the bat.
The bat is moderately wounded.
The bat hits you but does no damage.
You hit the bat but do no damage. The bat hits you but does no damage.
You barely miss the quokka. The bat closely misses you. The quokka bites you.
You hit the quokka.
The quokka is moderately wounded.
The bat closely misses you. x2
The quokka bites you but does no damage. x2
You completely miss the quokka.
The quokka is moderately wounded.
The bat closely misses you. The quokka bites you.
You are too injured to fight recklessly!
You are too injured to fight recklessly!
You are too injured to fight recklessly!
You hit the quokka. You bite the quokka, but do no damage.
The quokka is moderately wounded.
The bat closely misses you. The quokka bites you.
* * * LOW HITPOINT WARNING * * *
You barely miss the bat. The bat hits you but does no damage.
The quokka closely misses you. The bat closely misses you.
The bat completely misses you. The bat barely misses you.
The quokka misses you. The bat barely misses you.
The quokka completely misses you.
An endoplasm comes into view.
Found a stone staircase leading down.
The bat misses you. The bat hits you but does no damage.
The quokka completely misses you.
You barely miss the quokka.
The quokka is moderately wounded.
The bat hits you but does no damage. The quokka bites you.
You die...

######
#"...#
#....######
+.......J>#
##..@.#
#.b.r.+
#.....#
#.....#
#.....#
#.#####
#######.#
#.......#
#.......####


You could see an endoplasm (asleep), a quokka and a bat.

Vanquished Creatures
  An endoplasm (D:1)
1 creature vanquished.

Notes
Turn   | Place    | Note
-------+----------+-------------------------------------------
     0 | D:1      | DearestLeader the Gnoll Wanderer began the quest for the
                  | Orb.
     0 | D:1      | DearestLeader set off with the following items: a +0 hand
                  | crossbow, a wand of flame (15), 24 bolts, a potion of
                  | lignification, a +0 robe
     0 | D:1      | Reached XP level 1. HP: 13/13 MP: 4/4
   125 | D:1      | Slain by a quokka

Illustrated notes

Levels and vault maps discovered:
D:1:      dpeg_arrival_oval, layout_basic, shapermc_ecumenical_altar_acropolis

Action                   || total
-------------------------++-------
Melee: Dagger            ||    10
       Bite              ||     1
 Fire: Hand crossbow     ||     3
Armor: Robe              ||     9
Dodge: Dodged            ||    22
